 Dungeon Crawl Stone Soup version 0.26-a0-712-ga5a9c9c9d0 (webtiles) character file.

Game seed: 14485220605397033332

8 gbos the Digger (level 2, -1/20 HPs)
             Began as a Demonspawn Earth Elementalist on Nov 13, 2020.
             Slain by a rat (2 damage)
             ... on level 1 of the Dungeon.
             The game lasted 00:00:41 (580 turns).

gbos the Digger (Demonspawn Earth Elementalist)      Turns: 580, Time: 00:00:43

Health: -1/20      AC:  4    Str:  8    XL:     2   Next: 0%
Magic:  5/5        EV: 12    Int: 16    God:
Gold:   37         SH:  0    Dex: 13    Spells: 4/5 levels left

rFire    . . .     SeeInvis .   f - +0 short sword
rCold    . . .     Faith    .   (no shield)
rNeg     . . .     Spirit   .   c - +0 robe
rPois    .         Reflect  .   i - +0 helmet (curse)
rElec    .         Harm     .   a - +0 cloak
rCorr    .         Rampage  .   (no gloves)
MR       .....                  (no boots)
Stlth    ++........             (no amulet)
HPRegen  0.06/turn              (no ring)
MPRegen  0.09/turn              (no ring)

@: no status effects
A: talons 1
a: no special abilities


You were on level 1 of the Dungeon.
You visited 1 branch of the dungeon, and saw 1 of its levels.

You collected 37 gold pieces.


Innate Abilities, Weirdness & Mutations

You have sharp toenails.


   Skills:
 + Level 0.7 Fighting
 - Level 1.7 Dodging
 - Level 1.7 Stealth
 - Level 2.0 Spellcasting
   Level 0.8 Transmutations
 * Level 3.1 Earth Magic


You had 4 spell levels left.
You knew the following spells:

 Your Spells              Type           Power        Failure   Level
z - Sandblast             Erth           ##....       6%          1

Your spell library contained the following spells:

 Spells                   Type           Power        Failure   Level
 Passwall                 Tmut/Erth      #.......     14%         2
 Stone Arrow              Conj/Erth      #.....       32%         3
 Petrify                  Tmut/Erth      #.......     67%         4
 Lee's Rapid Deconstruct  Erth           ##........   85%         5

Inventory:

Hand Weapons
 f - a +0 short sword (weapon)
Missiles
 b - 70 stones (quivered)
Armour
 a - a +0 cloak (worn)
 c - a +0 robe (worn)
 i - a cursed +0 helmet (worn)
Scrolls
 e - a scroll of remove curse {unknown}
 g - a scroll of blinking {unknown}
 h - a scroll of identify {unknown}
Potions
 d - a potion of brilliance {unknown}
 j - a potion of curing {unknown}

Dungeon Overview and Level Annotations

Branches:
Dungeon (1/15)

Altars:

▒▒▒▒▒▒▒▒...▒▒.▒ ▒.▒
▒.▒.... ▒▒.▒▒▒.▒ ▒.▒
▒.▒.▒▒▒ ▒▒▒▒▒▒▒▒▒▒
▒.▒ ▒.▒ ▒.▒ ▒...▒ ▒
.....†...▒ ▒.▒ ▒.▒
▒.▒ ▒▒▒.▒▒▒ ......▒
▒.▒ ▒.▒ ▒.▒ ▒....
▒▒▒▒▒.▒▒.▒▒▒▒▒.▒▒▒.▒
▒...▒
▒.▒▒...........▒
.........
▒.▒▒▒▒▒▒▒......▒
.▒....... ▒.▒
▒....6.▒▒ ▒.......
▒.▒▒▒▒▒▒...▒▒r▒
▒.......
▒..........▒▒...
▒.▒▒....
▒▒▒▒▒▒▒▒▒.........
... .....
▒............▒
▒▒▒.▒. ▒▒▒▒▒▒▒▒▒▒▒.


You could see a rat.


Message History

The rat closely misses you. The rat closely misses you.
The rat closely misses you. The rat bites you but does no damage.
The rat barely misses you. The rat bites you.
* * * LOW HITPOINT WARNING * * *
The rat closely misses you. The rat bites you but does no damage.
The rat completely misses you. The rat misses you. The rat barely misses you.
The rat barely misses you. The rat bites you.
* * * LOW HITPOINT WARNING * * *
The rat bites you but does no damage. The rat closely misses you.
The rat bites you but does no damage. The rat bites you but does no damage.
The rat bites you but does no damage. The rat bites you.
* * * LOW HITPOINT WARNING * * *
The rat bites you but does no damage. The rat closely misses you.
The rat bites you.
* * * LOW HITPOINT WARNING * * *
The rat bites you but does no damage. The rat closely misses you.
The rat bites you.
You die...

Action                   || total
-------------------------++-------
Melee: Short sword       ||     7
       Unarmed           ||     6
 Cast: Sandblast         ||     8
Armor: Robe              ||    36
Dodge: Dodged            ||    78

Levels and vault maps discovered:
D:1:      nicolae_arrival_memento_mori, layout_loops_ring,
          hangedman_feature_mirror, fountainhead

Notes
Turn   | Place    | Note
-------+----------+-------------------------------------------
     0 | D:1      | gbos the Demonspawn Earth Elementalist began the quest for
                  | the Orb.
     0 | D:1      | Reached XP level 1. HP: 13/13 MP: 3/3
   233 | D:1      | Reached skill level 3 in Earth Magic
   453 | D:1      | Gained mutation: You have sharp toenails. [demonic
                  | ancestry]
   453 | D:1      | Reached XP level 2. HP: 20/20 MP: 5/5
   561 | D:1      | HP: 5/20 [rat (2)]
   568 | D:1      | HP: 5/20 [rat (1)]
   574 | D:1      | HP: 3/20 [rat (2)]
   577 | D:1      | HP: 1/20 [rat (2)]
   580 | D:1      | Slain by a rat

Vanquished Creatures
  2 goblins (D:1)
  A hobgoblin (D:1)
  2 bats (D:1)
  2 kobolds (D:1)
  A rat (D:1)
8 creatures vanquished.
